 Dungeon Crawl Stone Soup version 0.24.0-13-gcf9b319 (webtiles) character file.

Game seed: 107539085844209389, levelgen mode: deterministic

2839 Firecrotchwizard the Cleaver (level 9, -6/81 HPs)
             Began as a Hill Orc Fighter on Nov 9, 2019.
             Was a Priest of Beogh.
             Mangled by Harold
             ... wielding a +0 glaive
              (10 damage)
             ... on level 7 of the Dungeon.
             The game lasted 00:11:12 (6694 turns).

Firecrotchwizard the Cleaver (Hill Orc Fighter)     Turns: 6694, Time: 00:11:13

Health: -6/81      AC:  9    Str: 22    XL:     9   Next: 74%
Magic:  14/14      EV:  6    Int:  8    God:    Beogh [***...]
Gold:   361        SH: 12    Dex: 10    Spells: 8/8 levels left

rFire    . . .     SeeInvis .   a - +0 war axe
rCold    . . .     Gourm    .   c - +1 shield
rNeg     . . .     Faith    .   k - +0 chain mail
rPois    .         Spirit   .   (no helmet)
rElec    .         Reflect  .   (no cloak)
rCorr    .         Harm     .   (no gloves)
MR       .....                  (no boots)
Stlth    ..........             (no amulet)
HPRegen  0.23/turn              (no ring)
MPRegen  0.14/turn              (no ring)

@: marked, studying Shields
A: no striking features
a: Smiting, Renounce Religion


You were on level 7 of the Dungeon.
You worshipped Beogh.
Beogh was most pleased with you.
You were not hungry.

You visited 1 branch of the dungeon, and saw 7 of its levels.

You collected 361 gold pieces.

Inventory:

Hand Weapons
 a - a +0 war axe (weapon)
Missiles
 s - 2 throwing nets {=f, !d}
Armour
 b - a +0 scale mail
 c - a +1 shield (worn)
 k - a +0 chain mail (worn)
   (You found it on level 1 of the Dungeon)
 z - the +1 ring mail of Experimentation {rPois MR+ MP+9}
   (You found it on level 6 of the Dungeon)

   It protects you from poison.
   It affects your resistance to hostile enchantments.
   It affects your magic capacity (+9).
Wands
 d - a wand of scattershot (6)
   (You found it on level 7 of the Dungeon)
 g - a wand of iceblast (2)
   (You found it on level 3 of the Dungeon)
 t - a wand of flame (20)
   (You found it on level 5 of the Dungeon)
 u - a wand of enslavement (5)
   (You found it on level 6 of the Dungeon)
 w - a wand of paralysis (4)
   (You found it on level 6 of the Dungeon)
Scrolls
 h - 11 scrolls of identify
 j - 6 scrolls of enchant armour
 l - 2 scrolls of teleportation {unknown}
 m - a scroll of fog {unknown}
 n - 4 scrolls of remove curse
 p - 2 scrolls of magic mapping {unknown}
 r - 2 scrolls of immolation {unknown}
 x - a scroll of random uselessness {unknown}
 y - 3 scrolls of noise {unknown}
 B - a scroll of summoning {unknown}
Potions
 e - a potion of cancellation {unknown}
 i - 3 potions of curing
 o - 3 potions of heal wounds {unknown}
 q - 2 potions of mutation {unknown}
Books
 v - a manual of Shields {!d}
   (You found it on level 6 of the Dungeon)
Comestibles
 f - 9 rations
 A - a chunk of flesh {@w0}


   Skills:
 + Level 7.9 Fighting
 * Level 10.9 Axes
 - Level 4.0 Armour
 + Level 8.4 Shields
 + Level 7.0 Invocations


You had 8 spell levels left.
You didn't know any spells.
Your spell library was empty.

Dungeon Overview and Level Annotations

Branches:
Dungeon (7/15)             Temple (0/1) D:7

Altars:
Okawaru
Xom

Shops:
D:4 %

Annotations:
D:6 1 runed translucent door, Crazy Yiuf
D:7 Harold


Message History

No target in view!
n - 4 scrolls of remove curse (gained 1)
B - a scroll labeled WIAPSA FUCAV You regained 2 hp, and now have 71/81 hp.
A worker ant comes into view.
The worker ant twitches its antennae in your direction.
The worker ant moves out of view.
The worker ant is too close now for your liking.
You hit the worker ant but do no damage.
The worker ant bites you but does no damage.
You slash the worker ant! You block the worker ant's attack.
You slice the worker ant!!
You kill the worker ant!
Beogh accepts your kill.
Your Invocations skill increases to level 7!
No target in view!
You now have 356 gold pieces (gained 8).
You now have 361 gold pieces (gained 5).
Eating one of 2 chunks of flesh {@w0}.
You eat one of the 2 chunks of flesh {@w0}.
You see here a buckler.
Found a staircase to the Ecumenical Temple.
You regained 2 hp, and now have 75/81 hp.
h - 11 scrolls of identify (gained 1)
Found a stone staircase leading down.
You regained 2 hp, and now have 77/81 hp.
The orc relaxes its fighting stance and smiles at you.
The orc stares at you in amazement and kneels.
The orc relaxes its fighting stance and smiles at you. 3 orcs come into view.
Your orc hits something with a +0 flail!!
Beogh accepts your kill.
You feel a bit more experienced.
Your orc moves out of view.
j - 6 scrolls of enchant armour (gained 1) Harold the Weathered comes into view.
He is wielding a +0 glaive.
Harold shouts!
Your orc hits something. Harold casts a spell at you.
A sentinel's mark forms upon you.
Something hits your orc but does no damage.
Your orc hits something.
An orc and a crimson imp come into view.
The orc hits your orc with a +0 club.
Your orc closely misses the orc.
The crimson imp moves out of view.
Something hits your orc.
Your orc dies!
Harold points at you and mumbles some strange words.
The harpoon shot hits you.
You are yanked forward by the harpoon shot.
You take 2 damage, and have 76/81 hp.
You hit Harold but do no damage. Harold hits you with a +0 glaive!
You take 17 damage, and have 59/81 hp.
MASSIVE DAMAGE!!
Okay, then.
Aim: Harold, wielding a +0 glaive and wearing a +0 chain mail The burst of metal fragments hits Harold but does no damage.
The burst of metal fragments hits the crimson imp.
The burst of metal fragments hits Harold but does no damage. x2
Harold hits you with a +0 glaive!
You take 11 damage, and have 48/81 hp.
Your shield and chain mail prevent you from hitting Harold.
You hit Harold. Harold hits you with a +0 glaive!
You take 14 damage, and have 34/81 hp.
You hit Harold. You block Harold's attack.
You hit Harold but do no damage. Beogh accepts your kill.
You feel a bit more experienced. Harold hits you with a +0 glaive!
* * * LOW HITPOINT WARNING * * *
The crimson imp blinks!
You take 10 damage, and have 24/81 hp.
You hit Harold but do no damage. You barely miss Harold.
Harold hits you with a +0 glaive.
* * * LOW HITPOINT WARNING * * *
You take 6 damage, and have 18/81 hp.
You slash Harold! Harold hits you with a +0 glaive!
* * * LOW HITPOINT WARNING * * *
You take 8 damage, and have 10/81 hp.
You barely miss Harold. Harold closely misses you.
The crimson imp shouts, "Slither home, thou fulsome motley-minded gonus!"
You closely miss Harold. Your orc hits Harold with a +0 flail!
You closely miss Harold. You block Harold's attack.
Your orc hits Harold with a +0 flail. You hit Harold but do no damage.
You block Harold's attack.
You hit Harold.
Your orc hits Harold but does no damage.
You block Harold's attack.
The crimson imp blinks!
You barely miss Harold.
Your orc closely misses Harold.
Harold barely misses you.
You hit Harold.
Your orc hits Harold but does no damage.
You hit Harold. Harold hits you with a +0 glaive!
* * * LOW HITPOINT WARNING * * *
Your orc hits Harold but does no damage.
You take 7 damage, and have 4/81 hp.
You slash Harold! You closely miss the crimson imp. You block Harold's attack.
Your orc hits Harold but does no damage.
The crimson imp hits you but does no damage.
You hit Harold but do no damage. You hit the crimson imp.
The crimson imp blinks!
Harold hits you with a +0 glaive!
You die...

#.#...#
.............#
......#
...##........#####
......#
#.........[......#
......# #
...#.#..........#
......# ##.
..#...#..........#
......# .....
#.#.#..#####.###
......# .....
#.#.#..# #.#
......#
......#...#..# #.#
......#
......@@.)#..# #.#
......#
#.....#o§....# ###
).....# #.###
#......# ⌠.⌠
#######
o....#>......+.>.
######....####⌠.⌠#
#....# #..5.#
####.# .#


You could see Harold, a crimson imp and a friendly orc.

Vanquished Creatures
  A hippogriff (D:6)
  A vampire (D:7)
  Menkaure (D:5)
  Duvessa (D:5)
  An orc warrior (D:7)
  4 ice beasts
  A phantom (D:6)
  A necrophage (D:7)
  A centaur (D:6)
  An ogre (D:6)
  7 bullfrogs
  Dowan (D:5)
  2 scorpions
  A howler monkey (D:4)
  6 crimson imps
  A centaur zombie (D:7)
  3 hounds
  A bullfrog skeleton (D:4)
  3 orc wizards
  3 orc priests
  5 worker ants
  A hound zombie (D:5)
  3 adders
  4 gnolls (D:6)
  A howler monkey skeleton (D:4)
  A shadow imp (D:6)
  An ooze (D:6)
  An adder zombie (D:6)
  4 worms
  A dart slug (D:2)
  3 leopard geckos
  25 orcs
  A ball python (D:3)
  6 giant cockroaches
  9 goblins
  8 hobgoblins
  3 quokkas
  12 bats
  3 frilled lizards
  A jackal skeleton (D:4)
  7 kobolds
  3 leopard gecko skeletons
  3 rats
147 creatures vanquished.

Vanquished Creatures (collateral kills)
  2 orcs (D:7)
2 creatures vanquished.

Vanquished Creatures (others)
  2 orcs (D:7)
2 creatures vanquished.

Grand Total: 151 creatures vanquished

Notes
Turn   | Place    | Note
-------+----------+-------------------------------------------
     0 | D:1      | Firecrotchwizard the Hill Orc Fighter began the quest for
                  | the Orb.
     0 | D:1      | Reached XP level 1. HP: 19/19 MP: 1/1
    79 | D:1      | Reached skill level 3 in Axes
   225 | D:1      | Reached XP level 2. HP: 27/27 MP: 2/2
   769 | D:2      | Reached XP level 3. HP: 33/33 MP: 3/3
  1053 | D:2      | You fall into a shaft and drop 1 floor!
  1075 | D:3      | Reached skill level 4 in Fighting
  1210 | D:3      | Became a worshipper of Beogh the Brigand
  1240 | D:3      | Found an iron altar of Okawaru.
  1341 | D:3      | Reached skill level 4 in Axes
  1341 | D:3      | Reached XP level 4. HP: 39/40 MP: 4/4
  1549 | D:3      | Reached skill level 4 in Armour
  1549 | D:3      | Reached skill level 4 in Shields
  1549 | D:3      | Reached XP level 5. HP: 34/47 MP: 5/5
  1937 | D:2      | Reached * piety under Beogh
  2457 | D:4      | Reached skill level 1 in Invocations
  2464 | D:4      | Reached skill level 5 in Axes
  2476 | D:4      | Reached XP level 6. HP: 38/53 MP: 5/7
  2510 | D:4      | Reached skill level 2 in Invocations
  2780 | D:4      | Found Dischiefi's Food Emporium.
  2889 | D:4      | Reached skill level 5 in Fighting
  3060 | D:5      | Entered Level 5 of the Dungeon
  3060 | D:5      | Noticed Duvessa
  3060 | D:5      | Noticed Dowan
  3133 | D:5      | Reached skill level 6 in Axes
  3251 | D:5      | Noticed Menkaure
  3264 | D:5      | Killed Menkaure
  3264 | D:5      | Reached skill level 3 in Invocations
  3264 | D:5      | Reached XP level 7. HP: 32/61 MP: 7/9
  3433 | D:5      | Reached ** piety under Beogh
  3450 | D:5      | Found a shimmering altar of Xom.
  3478 | D:5      | Reached skill level 5 in Shields
  3632 | D:5      | Killed Duvessa
  3632 | D:5      | Reached skill level 7 in Axes
  3648 | D:5      | Killed Dowan
  3906 | D:5      | Reached skill level 6 in Fighting
  3906 | D:5      | Reached skill level 4 in Invocations
  3906 | D:5      | Reached XP level 8. HP: 21/70 MP: 9/11
  4497 | D:5      | Reached skill level 8 in Axes
  4860 | D:6      | Noticed a hippogriff
  4874 | D:6      | Killed a hippogriff
  4874 | D:6      | Reached skill level 6 in Shields
  4874 | D:6      | Reached skill level 5 in Invocations
  4883 | D:6      | Reached skill level 9 in Axes
  5207 | D:6      | Reached skill level 7 in Fighting
  5207 | D:6      | Reached XP level 9. HP: 66/79 MP: 13/13
  5253 | D:6      | Reached skill level 7 in Shields
  5316 | D:6      | Got a translucent ring mail
  5327 | D:6      | Identified the cursed +1 ring mail of Experimentation
                  | {rPois MR+ MP+9} (You found it on level 6 of the Dungeon)
  5366 | D:6      | Reached skill level 6 in Invocations
  5755 | D:6      | Reached skill level 10 in Axes
  5842 | D:6      | Found a runed translucent door.
  5843 | D:6      | Noticed Crazy Yiuf
  5923 | D:7      | Reached *** piety under Beogh
  6230 | D:7      | Reached skill level 8 in Shields
  6257 | D:7      | HP: 18/79 [something (6)]
  6259 | D:7      | HP: 8/79 [something (5)]
  6650 | D:7      | Reached skill level 7 in Invocations
  6659 | D:7      | Found a staircase to the Ecumenical Temple.
  6672 | D:7      | Noticed Harold
  6683 | D:7      | HP: 18/81 [Harold/+0 glaive (6)]
  6692 | D:7      | HP: 4/81 [Harold/+0 glaive (8)]
  6694 | D:7      | Mangled by Harold

Levels and vault maps discovered:
D:1:      evilmike_arrival_crescent, layout_basic
D:2:      layout_basic
D:3:      layout_loops_ring, okawaru_ov_weapons_minmay
D:4:      layout_loops_cross, first_ration, serial_shops, shop,
          serial_bayou_pond_e
D:5:      layout_cave_pods, led_xom_imps, uniq_duvessa, uniq_menkaure
D:6:      layout_loops_ring, minmay_manual_mail, uniq_crazy_yiuf_cottage
D:7:      layout_basic, temple_doors_e, uniq_harold, uniq_prince_ribbit1

Skill      XL: |  1  2  3  4  5  6  7  8  9 |
---------------+----------------------------+-----
Axes           | 3 4 5 6 7 9 10 | 10.9
Fighting       | 4 5 6 7 |  7.9
Armour         | 4 |  4.0
Shields        | 4 5 6 8 |  8.4
Invocations    | 1 3 4 5 7 |  7.0

Action                   |  1- 3 |  4- 6 |  7- 9 || total
-------------------------+-------+-------+-------++-------
Melee: War axe           |   128 |   151 |   337 ||   616
Invok: Convert to Beogh  |     1 |       |       ||     1
       Smiting           |       |       |     1 ||     1
Evoke: Wand              |       |       |     3 ||     3
  Use: Scroll            |       |     1 |     3 ||     4
       Potion            |       |       |     2 ||     2
 Stab: Paralysed         |       |       |     2 ||     2
  Eat: Chunk             |     2 |     4 |     7 ||    13
       Ration            |       |     1 |     1 ||     2
Armor: Scale mail        |    19 |       |       ||    19
       Chain mail        |    79 |    73 |   131 ||   283
Dodge: Dodged            |    39 |    28 |    63 ||   130
Block: Shield            |    77 |    81 |   170 ||   328

Levels and vault maps discovered:
D:1:      evilmike_arrival_crescent, layout_basic
D:2:      layout_basic
D:3:      layout_loops_ring, okawaru_ov_weapons_minmay
D:4:      layout_loops_cross, first_ration, serial_shops, shop,
          serial_bayou_pond_e
D:5:      layout_cave_pods, led_xom_imps, uniq_duvessa, uniq_menkaure
D:6:      layout_loops_ring, minmay_manual_mail, uniq_crazy_yiuf_cottage
D:7:      layout_basic, temple_doors_e, uniq_harold, uniq_prince_ribbit1

Table legend:
 A = Turns spent in this place as a percentage of turns spent in the entire game.
 B = Non-inter-level travel turns spent in this place as a percentage of non-inter-level travel turns spent in the entire game.
 C = Inter-level travel turns spent in this place as a percentage of turns spent in this place.
 D = Turns resting spent in this place as a percentage of non-inter-level travel turns spent in this place.
 E = Turns spent auto-exploring this place as a percentage of non-inter-level travel turns spent in this place.
 F = Non-inter-level travel turns spent in this place divided by the number of levels of this place that you've seen.
                   A       B       C       D       E      F
               +-------+-------+-------+-------+-------+----------------------
         Total | 100.0 | 100.0 |   5.3 |  31.9 |  49.3 | 905.9
       Dungeon | 100.0 | 100.0 |   5.3 |  31.9 |  49.3 | 905.9
               +-------+-------+-------+-------+-------+----------------------

Table legend:
 A = Kills in this place as a percentage of kills in entire the game.
 B = Kills by you in this place as a percentage of kills by you in the entire game.
 C = Kills by friends in this place as a percentage of kills by friends in the entire game.
 D = Other kills in this place as a percentage of other kills in the entire game.
 E = Experience gained in this place as a percentage of experience gained in the entire game.
 F = Experience gained in this place divided by the number of levels of this place that you have seen.
                   A       B       C       D       E      F
               +-------+-------+-------+-------+-------+----------------------
         Total | 100.0 | 100.0 | 100.0 |   N/A | 100.0 | 579.6
       Dungeon | 100.0 | 100.0 | 100.0 |   N/A | 100.0 | 579.6
               +-------+-------+-------+-------+-------+----------------------
